 Dungeon Crawl Stone Soup version 0.24-a0-652-g46ecf6da75 (webtiles) character file.

Game seed: 12696632796208006318, levelgen mode: deterministic

994 Gargoyl the Skirmisher (level 7, -6/60 HPs)
             Began as a Centaur Abyssal Knight on Sept 26, 2019.
             Was a Priest of Lugonu.
             Mangled by an orc warrior
             ... wielding a +0 battleaxe
              (9 damage)
             ... on level 4 of the Dungeon.
             The game lasted 00:07:30 (5242 turns).

Gargoyl the Skirmisher (Centaur Abyssal Knight)     Turns: 5242, Time: 00:07:31

Health: -6/60      AC: 10    Str: 15    XL:     7   Next: 99%
Magic:  10/10      EV:  2    Int: 11    God:    Lugonu [***...]
Gold:   359        SH:  7    Dex: 10    Spells: 6/6 levels left

rFire    . . .     SeeInvis .   d - +5 falchion
rCold    . . .     Gourm    .   p - +0 shield
rNeg     . . .     Faith    .   l - +0 chain mail
rPois    .         Spirit   .   h - +0 helmet
rElec    .         Reflect  .   (no cloak)
rCorr    .         Harm     .   m - +0 pair of gloves
MR       .....                  (no barding)
Stlth    ..........             (no amulet)
HPRegen  0.20/turn              (no ring)
MPRegen  0.12/turn              (no ring)

@: very quick
A: large, hooves 3, deformed body, speed 2, tough skin 3
a: Depart the Abyss, Bend Space, Banish, Renounce Religion


You were on level 4 of the Dungeon.
You worshipped Lugonu.
Lugonu was most pleased with you.
You were hungry.

You visited 1 branch of the dungeon, and saw 5 of its levels.
You visited the Abyss 1 time.

You collected 359 gold pieces.

Inventory:

Hand Weapons
 a - a +1 hand axe
 d - a +5 falchion (weapon)
 q - a +0 war axe
Missiles
 t - 4 javelins (quivered)
Armour
 h - a +0 helmet (worn)
 l - a +0 chain mail (worn)
 m - a +0 pair of gloves (worn)
 p - a +0 shield (worn)
Scrolls
 e - 2 scrolls of remove curse
 j - a scroll of identify
 r - a scroll of teleportation
Potions
 b - 2 potions of magic
 f - a potion of degeneration {unknown}
 g - a potion of heal wounds {unknown}
 i - 2 potions of haste
 k - 4 potions of curing {unknown}
 n - a potion of agility {unknown}
 o - 4 potions of brilliance {unknown}
 s - a potion of invisibility {unknown}
Comestibles
 c - 8 rations


   Skills:
 + Level 4.8 Fighting
 + Level 4.2 Long Blades
 + Level 2.2 Axes
 + Level 0.3 Throwing
 * Level 3.4 Armour
 * Level 2.3 Dodging
 + Level 1.0 Shields
 * Level 4.0 Invocations


You had 6 spell levels left.
You didn't know any spells.
Your spell library was empty.

Dungeon Overview and Level Annotations

Branches:
Dungeon (5/15)
 Temple: D:4-7

Altars:
Dithmenos
Elyvilon
Gozag
Hepliaklqana
Okawaru
Qazlal
Ru
Sif Muna
Trog
Uskayaw
Wu Jian
Xom

Annotations:
D:4 3 runed translucent doors, MalarOregon's ghost, amateur DrWz


Innate Abilities, Weirdness & Mutations

You have hooves in place of feet.
Armour fits poorly on your strangely shaped body.
You cover ground very quickly.
You have extremely tough skin. (AC +3)


Message History

You hit the orc warrior but do no damage.
The orc warrior is lightly wounded.
You block the orc warrior's attack.
You hit the orc warrior but do no damage.
You kick the orc warrior, but do no damage.
The orc warrior is lightly wounded.
The orc warrior hits you with a +0 battleaxe!
You closely miss the orc warrior.
The orc warrior is lightly wounded.
The orc warrior hits you with a +0 battleaxe!
* * * LOW HITPOINT WARNING * * *
You hit the orc warrior but do no damage.
The orc warrior is lightly wounded.
The orc warrior hits you with a +0 battleaxe!
* * * LOW HITPOINT WARNING * * *
You hit the orc warrior but do no damage.
Your kick misses the orc warrior.
The orc warrior is lightly wounded.
The orc warrior hits you with a +0 battleaxe!
You die...

#...............# #....
#......(..<.....# ##....
#######........## #.....
#........# #.....
#........# #.....
##........####....(
#....##'###..####'#
#.o..#...#.........
#.@..#...#...).....
######....#..##...#####'
#.......###..##...####..
#.......#..........#....
#..................+....
#...#########.....##....
#...# ##_## ###...##....
#...##8...8# #...##.[..
######.....####...##....


You could see an orc warrior.

Vanquished Creatures
  Sigmund (D:2)
  An eye of draining (Abyss:2)
  An ogre (D:4)
  A centaur (D:5)
  A scorpion (D:4)
  A howler monkey (D:4)
  A bullfrog zombie (D:5)
  A hound (D:4)
  An orc priest (D:4)
  A jelly (D:4)
  Jessica (D:1)
  Natasha (thrice) (D:4)
  An iguana (D:4)
  Terence (D:3)
  A worker ant (D:4)
  Robin (D:4)
  7 adders
  An ooze (D:4)
  2 worms
  2 dart slugs
  3 leopard geckos
  12 orcs
  2 ball pythons
  A giant cockroach (D:1)
  15 goblins
  8 hobgoblins
  8 jackals
  4 quokkas
  11 bats
  2 frilled lizards (D:3)
  A jackal skeleton (D:3)
  11 kobolds
  A quokka skeleton (D:4)
  8 rats
117 creatures vanquished.

Notes
Turn   | Place    | Note
-------+----------+-------------------------------------------
     0 | Abyss:1  | Gargoyl the Centaur Abyssal Knight began the quest for the
                  | Orb.
     0 | Abyss:1  | Reached XP level 1. HP: 19/19 MP: 2/2
    22 | Abyss:1  | Found a bloodstained altar of Trog.
    61 | Abyss:2  | Noticed an eye of draining
    73 | Abyss:2  | Killed an eye of draining
    73 | Abyss:2  | Reached skill level 1 in Long Blades
    73 | Abyss:2  | Reached XP level 2. HP: 27/27 MP: 0/3
    73 | Abyss:2  | Reached XP level 3. HP: 33/33 MP: 0/4
    73 | Abyss:2  | Reached XP level 4. HP: 40/40 MP: 0/5
   112 | Abyss:2  | Noticed a chaos spawn
   112 | Abyss:2  | Noticed a quicksilver dragon simulacrum
   113 | D:1      | Escaped the Abyss
   209 | D:1      | Reached * piety under Lugonu
   549 | D:1      | Reached skill level 1 in Dodging
   676 | D:2      | Noticed Jessica
   690 | D:1      | Killed Jessica
   690 | D:1      | Reached XP level 5. HP: 33/46 MP: 6/6
   774 | D:2      | Noticed Sigmund
   782 | D:1      | Reached ** piety under Lugonu
  1150 | D:2      | Killed Sigmund
  1150 | D:2      | Reached XP level 6. HP: 44/53 MP: 6/8
  1800 | D:2      | Found a bloodstained altar of Trog.
  2431 | D:3      | Noticed Terence
  2439 | D:3      | Killed Terence
  2513 | D:3      | Found an opulent altar of Gozag.
  2515 | D:3      | Found a shadowy altar of Dithmenos.
  2517 | D:3      | Found a shimmering altar of Xom.
  2517 | D:3      | Found a white marble altar of Elyvilon.
  2517 | D:3      | Found a sacrificial altar of Ru.
  2519 | D:3      | Found a stormy altar of Qazlal.
  2521 | D:3      | Found a hide-covered altar of Uskayaw.
  2522 | D:3      | Found an iron altar of Okawaru.
  2713 | D:4      | Noticed Robin
  2735 | D:3      | Reached *** piety under Lugonu
  2970 | D:4      | Killed Robin
  3250 | D:4      | Found a hazy altar of Hepliaklqana.
  3308 | D:4      | Reached XP level 7. HP: 50/60 MP: 9/9
  3371 | D:4      | Found an ornate altar of the Wu Jian Council.
  3702 | D:4      | Noticed Natasha
  3707 | D:4      | Killed Natasha
  3920 | D:4      | Found a shimmering blue altar of Sif Muna.
  4043 | D:4      | Noticed Natasha
  4051 | D:4      | Killed Natasha
  4317 | D:4      | Noticed Natasha
  4327 | D:4      | Killed Natasha
  4562 | D:4      | Found a runed translucent gate.
  4562 | D:4      | Found a runed translucent gate.
  4563 | D:4      | Found a runed translucent gate.
  4637 | D:4      | Noticed MalarOregon's ghost (amateur DrWz)
  4761 | D:5      | Entered Level 5 of the Dungeon
  4968 | D:5      | Reached skill level 1 in Shields
  5241 | D:4      | HP: 3/60 [orc warrior/+0 battleaxe (10)]
  5242 | D:4      | Mangled by an orc warrior

Levels and vault maps discovered:
D:1:      lightli_molten_gateway, layout_basic
D:2:      layout_loops_ring, bloody_trog, first_ration, glass_columns_a,
          uniq_sigmund, uniq_jessica
D:3:      layout_loops_ring, minitemple, uniq_terence
D:4:      layout_gridville, lemuel_doored_altar, marbit_many_paths,
          nicolae_overflow_hidden_temple, gammafunk_ghost_necromancy,
          uniq_robin, uniq_natasha
D:5:      layout_basic, lemuel_round_altar, minmay_temple_entry_poolview,
          kennysheep_windowed_goal

Skill      XL: |  1  2  3  4  5  6  7 |
---------------+----------------------+-----
Fighting       | 4 |  4.8
Long Blades    | 1 2 3 4 |  4.2
Axes           | 2 |  2.2
Dodging        | 1 2 |  2.3
Armour         | 2 3 |  3.4
Invocations    | 3 4 |  4.0
Shields        | 1 |  1.0
Throwing       | |  0.3

Action                   |  1- 3 |  4- 6 |  7- 9 || total
-------------------------+-------+-------+-------++-------
Melee: Falchion          |     9 |   231 |   104 ||   344
       Kick              |     2 |    53 |    16 ||    71
Throw: Javelin           |       |       |     4 ||     4
Invok: Depart the Abyss  |       |     1 |       ||     1
  Use: Scroll            |       |     7 |     1 ||     8
  Eat: Chunk             |       |     6 |     5 ||    11
Armor: Chain mail        |       |   209 |    54 ||   263
       Leather armour    |       |    10 |       ||    10
Dodge: Dodged            |       |    63 |     8 ||    71
Block: Shield            |       |    39 |    28 ||    67
       Rpst.: Falchion   |       |    25 |     1 ||    26

Table legend:
 A = Non-vault XP
 B = Vault XP
 C = Vault XP percentage of total XP
 D = Non-vault monster count
 E = Vault monster count
 F = Vault count percentage of total count
                 A         B        C        D         E       F
            +---------+---------+-------+---------+---------+-------
      Total |    1056 |     364 |  25.6 |      99 |      18 |  15.4
            +---------+---------+-------+---------+---------+-------
        D:1 |      75 |      37 |  33.0 |      35 |       1 |   2.8
        D:2 |      66 |     220 |  76.9 |      17 |       1 |   5.6
        D:3 |      52 |      46 |  46.9 |      20 |       9 |  31.0
        D:4 |     568 |      61 |   9.7 |      22 |       7 |  24.1
        D:5 |     166 |       0 |   0.0 |       4 |       0 |   0.0
    Abyss:2 |     129 |       0 |   0.0 |       1 |       0 |   0.0
            +---------+---------+-------+---------+---------+-------
